 Dungeon Crawl Stone Soup version 0.19.4-9-g45fd643 (webtiles) character file.

5549 vatarom the Fighter (level 11, -3/138 HPs)
             Began as a Formicid Fighter on Feb 20, 2017.
             Was a Believer of Ru.
             Killed from afar by a hell hound (8 damage)
             ... with a blast of flame
             ... led by Azrael
             ... on level 12 of the Dungeon.
             The game lasted 00:23:54 (11550 turns).

vatarom the Fighter (Formicid Fighter)             Turns: 11550, Time: 00:23:54

Health: -3/138     AC: 25    Str: 19 (20) XL:     11   Next: 2%
Magic:  11/11      EV:  2    Int: 10      God:    Ru [**....]
Gold:   134        SH: 16    Dex: 14 (15) Spells: 0 memorised, 10 levels left

rFire  + + .     SeeInvis .     E - +2 scimitar (slice)
rCold  + . .     Gourm    .     (armour currently unavailable)
rNeg   + + +     Faith    .     c - +1 shield
rPois  +         Spirit   .     (helmet unavailable)
rElec  +         Reflect  +     (cloak currently unavailable)
rCorr  +         Harm     .     (gloves currently unavailable)
MR     +....     Clarity  +     (boots currently unavailable)
Stlth  +.........               p - +5 amulet of reflection
                                l - ring of protection from fire
                                H - +3 ring of dexterity

@: tree-form, resistant
A: permanent stasis, dig shafts and tunnels, four strong arms, (antennae 0),
clarity, deterioration 1, screaming 1, unskilled 1
a: Renounce Religion


You were on level 12 of the Dungeon.
You worshipped Ru.
Ru was pleased with you.
You were not hungry.
You were a tree.
You visited 2 branches of the dungeon, and saw 11 of its levels.
You also visited: Sewer.

You collected 459 gold pieces.
You spent 325 gold pieces at shops.

Inventory:

Hand Weapons
 E - a +2 scimitar of slicing (weapon)
Missiles
 f - 23 tomahawks (quivered)
Armour
 b - a +0 scale mail (melded)
 c - a +1 shield (worn)
 h - a +0 pair of boots (melded)
Jewellery
 j - an uncursed ring of protection from cold
 k - an uncursed ring of magical power
 l - a ring of protection from fire (right branch)
 p - a +5 amulet of reflection (around neck)
 t - an uncursed ring of stealth
 w - an uncursed ring of poison resistance
 H - a +3 ring of dexterity (left branch)
Wands
 d - a wand of flame (2/48)
 z - a wand of paralysis (5/24)
 C - a wand of confusion (10/48)
Scrolls
 a - 3 scrolls of remove curse
 g - 2 scrolls of noise
 u - 2 scrolls of fog
 y - a scroll of enchant armour
 A - a scroll of recharging
Potions
 i - 2 potions of haste
 o - a potion of resistance
Comestibles
 n - a beef jerky
 r - 3 bread rations
 v - 5 fruits


   Skills:
 - Level 10.5 Fighting
 + Level 6.7 Long Blades
 - Level 6.7 Armour
 - Level 4.3 Dodging
 - Level 6.6 Shields


You had 10 spell levels left.
You didn't know any spells.

Dungeon Overview and Level Annotations

Branches:
Dungeon (9/15)             Temple (1/1) D:5
   Lair: D:8-11         Orc: D:9-12

Altars:
Ashenzari
Cheibriados
Dithmenos
Elyvilon
Fedhas
Gozag
Hepliaklqana
Kikubaaqudgha
Makhleb
Nemelex Xobeh
Okawaru
Qazlal
Ru
Sif Muna
Trog
Uskayaw
Vehumet
Xom
Yredelemnul
Zin
The Shining One

Shops:
D:12 =

Annotations:
D:3 1 runed door
D:7 exclusion: statue
D:9 Joseph
D:12 Azrael


Innate Abilities, Weirdness & Mutations

You are under a permanent stasis effect.
You can dig through walls and to a lower floor.
Your four strong arms can wield two-handed weapons with a shield.
((You have a pair of large antennae on your head. (SInv)))
You are somewhat unskilled. (-1 Apt)
You possess an exceptional clarity of mind.
Your body sometimes deteriorates upon taking damage.
You occasionally shout uncontrollably at your foes.


Message History

You barely miss the hell hound. You block the hell hound's attack.
The hell hound bites you but does no damage.
You barely miss the hell hound. You block the hell hound's attack.
The hell hound breathes flames at you.
The blast of flame hits the fire elemental.
The fire elemental completely resists.
The blast of flame hits the hell hound.
The hell hound completely resists.
The blast of flame hits you! You resist.
* * * LOW HITPOINT WARNING * * *
The hell hound barely misses you.
You feel protected. You block the hell hound's attack.
Azrael wonders, "Do you still suffer from delusions of adequacy?"
You turn into a tree.
Your +0 pair of boots melds into your body.
Your +0 scale mail melds into your body.
Your roots penetrate the ground.
The hell hound bites you but does no damage.
The hell hound breathes flames at you. The blast of flame hits you! You resist.
You die...

....#.#.....#######.
###########.###'#.........
###...............#.........
###.................#.........
#...................#.........
#......§h...........#.........
#...§....§§{........#.........
#..§.####.#######...#.........
###§.#...RhEh♣..+...#.........
#.§§...######.#...#.........
#§.#...#....#.#...#.........
#§§#...#....#.#...+.........
#ER#...#....#.#...#....#####
#§§#...'....#.#...#....#
##§#...#....#.'.###....#
#§#...######.#.#......#
#§#..........#.'......#


You could see Azrael, a fire elemental and 2 hell hounds.

Vanquished Creatures
  A deep elf mage (D:8)
  2 centaur skeletons
  A hippogriff (D:8)
  Sigmund (D:2)
  2 fire elementals (D:12)
  Duvessa (D:7)
  2 hell hounds (D:12)
  3 orc warriors
  2 ice beasts
  A necrophage (D:8)
  5 ogres
  A centaur (D:7)
  2 big kobolds
  3 bullfrogs
  A gnoll sergeant (D:9)
  Dowan (D:7)
  A scorpion (D:9)
  2 howler monkeys
  8 wights
  An electric eel (D:7)
  4 crimson imps
  A quasit (D:5)
  2 bullfrog zombies
  5 jellies
  A centaur zombie (D:7)
  5 orc priests
  7 hounds
  2 bullfrog skeletons
  10 orc wizards
  Ijyb (D:1)
  Terence (D:3)
  5 iguanas
  Natasha (thrice) (D:2)
  5 worker ants
  A killer bee zombie (D:5)
  10 adders
  14 gnolls
  A shadow imp (D:5)
  2 oozes
  An adder skeleton (D:7)
  2 adder zombies
  4 worms
  A dart slug (D:2)
  12 leopard geckos
  38 orcs
  4 ball pythons
  6 bats
  18 giant cockroaches
  6 goblins
  6 hobgoblins
  9 jackals
  15 kobolds
  3 quokkas
  11 frilled lizards
  A giant cockroach zombie (D:5)
  2 goblin skeletons (D:5)
  3 hobgoblin zombies (D:5)
  2 jackal zombies
  A kobold zombie (D:5)
  2 quokka skeletons (D:5)
  5 rats
273 creatures vanquished.

Vanquished Creatures (others)
  An orc (D:9)
1 creature vanquished.

Grand Total: 274 creatures vanquished

Notes
Turn   | Place    | Note
-------+----------+-------------------------------------------
     0 | D:1      | vatarom the Formicid Fighter began the quest for the Orb.
     0 | D:1      | Reached XP level 1. HP: 18/18 MP: 1/1
    87 | D:1      | Reached skill level 1 in Dodging
   153 | D:1      | Reached XP level 2. HP: 24/24 MP: 2/2
   411 | D:1      | Reached XP level 3. HP: 29/29 MP: 3/3
   981 | D:2      | Found a sparkling altar of Nemelex Xobeh.
  1044 | D:2      | Noticed Sigmund
  1054 | D:2      | Killed Sigmund
  1054 | D:2      | Reached XP level 4. HP: 18/35 MP: 4/4
  1054 | D:2      | Reached XP level 5. HP: 21/41 MP: 5/5
  1065 | D:2      | Reached XP level 6. HP: 22/47 MP: 6/6
  1409 | D:2      | Noticed Ijyb
  1439 | D:2      | HP: 2/47 [Ijyb/wand of flame (3)]
  1717 | D:1      | Killed Ijyb
  2040 | D:2      | Found a bloodstained altar of Trog.
  2089 | D:2      | Found a white marble altar of Elyvilon.
  2115 | D:2      | Found an opulent altar of Gozag.
  2115 | D:2      | Noticed Natasha
  2123 | D:2      | Killed Natasha
  2273 | D:2      | Noticed Natasha
  2286 | D:2      | Killed Natasha
  2296 | D:2      | Noticed Natasha
  2306 | D:2      | Killed Natasha
  2677 | D:2      | Found a sacrificial altar of Ru.
  2685 | D:2      | Became a worshipper of Ru the Awakened
  2759 | D:3      | Reached XP level 7. HP: 18/52 MP: 7/7
  2968 | D:3      | Found a stormy altar of Qazlal.
  3099 | D:3      | Noticed Terence
  3116 | D:3      | Killed Terence
  3322 | D:3      | Found a runed door.
  4491 | D:4      | Reached skill level 5 in Armour
  4552 | D:4      | Found an iron altar of Okawaru.
  4630 | D:5      | Entered Level 5 of the Dungeon
  4668 | D:5      | Reached XP level 8. HP: 41/58 MP: 8/8
  4715 | D:5      | Found a glowing drain.
  4742 | Sewer    | Entered a sewer
  5447 | D:5      | Found a glowing golden altar of the Shining One.
  5489 | D:5      | Reached skill level 5 in Shields
  5722 | D:5      | Found a bloodstained altar of Trog.
  5768 | D:5      | Found a staircase to the Ecumenical Temple.
  5870 | Temple   | Entered the Ecumenical Temple
  6502 | D:6      | Found a burning altar of Makhleb.
  6606 | D:6      | Reached XP level 9. HP: 64/64 MP: 9/9
  6777 | D:7      | Reached skill level 4 in Fighting
  6787 | D:7      | Found a hide-covered altar of Uskayaw.
  6933 | D:7      | Reached skill level 5 in Fighting
  7044 | D:7      | Reached skill level 6 in Fighting
  7328 | D:7      | Found a radiant altar of Vehumet.
  7414 | D:7      | Found an opulent altar of Gozag.
  7550 | D:7      | Reached skill level 7 in Fighting
  7688 | D:7      | Gained mutation: You possess an exceptional clarity of mind. [potion of mutation]
  7688 | D:7      | Gained mutation: You occasionally shout uncontrollably at your foes. [potion of mutation]
  7688 | D:7      | Gained mutation: Your body sometimes deteriorates upon taking damage. [potion of mutation]
  7880 | D:7      | Noticed Duvessa
  7880 | D:7      | Noticed Dowan
  7896 | D:7      | Killed Duvessa
  7908 | D:7      | Killed Dowan
  7908 | D:7      | Reached skill level 8 in Fighting
  8791 | D:7      | Reached skill level 9 in Fighting
  8791 | D:7      | Reached XP level 10. HP: 83/83 MP: 10/10
  8960 | D:8      | Noticed a deep elf mage
  9193 | D:8      | Killed a deep elf mage
  9193 | D:8      | Reached skill level 10 in Fighting
  9498 | D:8      | Found a deep blue altar of Sif Muna.
  9598 | D:8      | Reached skill level 11 in Fighting
 10017 | D:8      | Reached skill level 5 in Long Blades
 10285 | D:8      | Gained mutation: You are somewhat unskilled. (-1 Apt) [Ru sacrifice]
 10285 | D:8      | Reduced skill Fighting to level 10
 10285 | D:8      | Reached * piety under Ru
 10285 | D:8      | Reached ** piety under Ru
 10369 | D:9      | Reached skill level 5 in Long Blades
 10976 | D:9      | Noticed Joseph
 11031 | D:9      | You fall through a shaft for 3 floors!
 11291 | D:12     | Found Jimuohum's Jewellery Emporium.
 11302 | D:12     | Bought a +5 amulet of reflection for 325 gold pieces
 11488 | D:12     | Noticed Azrael
 11516 | D:12     | Reached XP level 11. HP: 19/92 MP: 11/11
 11537 | D:12     | HP: 4/92 [Azrael/fireball (5)]
 11542 | D:12     | HP: 4/92 [Azrael/fireball (2)]
 11548 | D:12     | HP: 3/92 [hell hound/blast of flame[Azrael] (2)]
 11550 | D:12     | Killed from afar by a hell hound

Skill      XL: |  1  2  3  4  5  6  7  8  9 10 |
---------------+-------------------------------+-----
Dodging        | 1 2 4 |  4.3
Long Blades    | 4 6 |  6.7
Armour         | 6 7 6 |  6.7
Shields        | 7 6 |  6.6
Fighting       | 9 10 | 10.5

Action                   |  1- 3 |  4- 6 |  7- 9 | 10-12 || total
-------------------------+-------+-------+-------+-------++-------
Melee: Long sword        |    90 |   149 |   512 |       ||   751
       Falchion          |       |       |   270 |    61 ||   331
       Scimitar          |       |       |       |   239 ||   239
Throw: Tomahawk          |       |       |     1 |     1 ||     2
       Throwing net      |       |       |       |     2 ||     2
Invok: Reject Sacrifices |       |       |     1 |       ||     1
       Sacrifice Skill   |       |       |       |     1 ||     1
 Abil: Dig               |       |       |     8 |     1 ||     9
       Shaft Self        |       |       |       |     1 ||     1
Evoke: Wand              |       |       |     1 |     1 ||     2
  Use: Potion            |     5 |     3 |     6 |     9 ||    23
       Scroll            |     3 |     1 |    10 |     2 ||    16
 Stab: Paralysed         |       |       |       |    10 ||    10
       Held in net/web   |       |       |       |     2 ||     2
  Eat: Chunk             |     1 |     1 |     9 |     7 ||    18
       Bread ration      |       |     1 |     2 |       ||     3
       Fruit             |       |       |     3 |     2 ||     5
       Pizza             |       |       |     1 |     1 ||     2
Armor: Scale mail        |    31 |    35 |   266 |    65 ||   397
       Skin              |       |       |       |     1 ||     1
Dodge: Dodged            |    37 |    53 |   333 |    92 ||   515
Block: Shield            |    47 |    80 |   446 |   188 ||   761
       Rpst.: Long sword |    17 |    10 |    67 |       ||    94
       Falchion          |       |       |    23 |     3 ||    26
       Scimitar          |       |       |       |    19 ||    19
